AoeStats
← 叫迈耶的空军元帅

Arena

510478607Analyzed
4v4 RM · 2d ago on Oct 1, 2026· 36m 58s· 8 players
Game mode
Random Map
Map size
Large (8 player)
Population
200
Speed
Normal
Resources
Standard
Victory
Conquest
Starting age
Dark Age
Ending age
Imperial Age
RankedLock teamsTeams togetherTeam positionsShared explorationLock speedFull tech treeHidden civsTurbo modeCheats
Victory
Defeat
🇨🇳 Spanish · China
1172
+13
1161
+13
🇧🇷 Franks · Brazil
1161
+13
🇭🇰 Shu · Hong Kong SAR China
1116
+16
🇨🇳 Magyars · China
1168
-15
🇹🇷 Teutons · Türkiye
1102
-14
🇺🇸 Hindustanis · United States
1097
-14
🇨🇳 Bohemians · China
1047
-12
种田低手
10:38 Feudal Age
14:37 Castle Age
12:43 Double-Bit Axe
12:39 Horse Collar
21:14 Padded Archer Armor
22:20 Bloodlines
23:23 Leather Archer Armor
25:44 Wheelbarrow
29:02 Husbandry
30:47 Bow Saw
31:27 Heavy Plow
31:35 Stone Mining
31:36 Gold Mining
36:01 Imperial Age
34:56 Stone Shaft Mining
34:11 Loom
36:05 Elite Conquistador
37:06 Conscription
37:17 Ring Archer Armor
37:34 Hand Cart
37:33 Guilds
38:25 Two-Man Saw
37:21 Town Watch
种田美眉
10:36 Feudal Age
14:31 Castle Age
12:29 Double-Bit Axe
15:48 Bow Saw
17:27 Loom
22:55 Gold Mining
28:08 Imperial Age
25:25 Town Watch
26:16 Wheelbarrow
25:48 Scale Barding Armor
26:56 Chain Barding Armor
26:46 Forging
27:18 Gold Shaft Mining
27:24 Husbandry
27:44 Fletching
29:03 Iron Casting
28:13 Cavalier
29:32 Plate Barding Armor
28:55 Bodkin Arrow
31:27 Blast Furnace
30:12 Paladin
33:48 Conscription
kahohohoka
0:27 Loom
12:37 Feudal Age
13:14 Double-Bit Axe
13:10 Horse Collar
17:28 Castle Age
15:38 Gold Mining
15:57 Stone Mining
18:43 Bow Saw
19:02 Heavy Plow
19:58 Crossbowman
21:22 Wheelbarrow
23:35 Fletching
23:46 Padded Archer Armor
24:36 Bodkin Arrow
25:44 Gold Shaft Mining
26:43 Hand Cart
26:15 Town Watch
31:35 Imperial Age
29:22 Leather Archer Armor
28:46 Elite Skirmisher
29:32 Thumb Ring
30:10 Ballistics
32:49 Bracer
33:12 Conscription
33:00 Arbalester
34:49 Ring Archer Armor
35:22 Chemistry
34:28 Siege Engineers
35:36 Two-Man Saw
34:50 Bolt Magazine
36:29 Masonry
35:59 Treadmill Crane
36:30 Fortified Wall
叫迈耶的空军元帅
10:42 Feudal Age
12:39 Loom
15:09 Castle Age
13:29 Double-Bit Axe
13:54 Horse Collar
16:20 Heavy Plow
20:40 Stone Mining
22:39 Wheelbarrow
23:39 Forging
23:53 Bow Saw
25:15 Bloodlines
27:16 Gold Mining
30:05 Imperial Age
27:51 Hand Cart
28:26 Scale Barding Armor
30:28 Iron Casting
30:27 Town Watch
31:07 Conscription
30:11 Capped Ram
31:02 Fletching
32:19 Blast Furnace
31:48 Elite Skirmisher
31:59 Cavalier
33:07 Chain Barding Armor
33:46 Squires
34:36 Plate Barding Armor
34:41 Ballistics
35:21 Chemistry
34:47 Elite Teutonic Knight
35:50 Scale Mail Armor
36:40 Crop Rotation
陈乾
10:05 Feudal Age
14:16 Castle Age
12:18 Double-Bit Axe
13:13 Horse Collar
19:15 Wheelbarrow
21:25 Heavy Plow
21:42 Bow Saw
25:21 Gold Mining
25:22 Stone Mining
25:54 Hand Cart
28:33 Imperial Age
25:52 Loom
26:37 Fletching
26:47 Padded Archer Armor
27:56 Bodkin Arrow
28:16 Leather Archer Armor
29:31 Ballistics
29:15 Bracer
29:05 Town Watch
30:26 Parthian Tactics
30:11 Heavy Cavalry Archer
31:35 Conscription
31:52 Ring Archer Armor
31:59 Bloodlines
31:50 Husbandry
32:07 Thumb Ring
32:19 Recurve Bow
32:17 Elite Skirmisher
34:14 Chemistry
34:43 Hoardings
34:54 Elite Magyar Huszar
35:35 Corvinian Army
36:44 Masonry
36:37 Corvinian Army
37:13 Hoardings
Random_Effects
10:58 Feudal Age
16:18 Castle Age
14:38 Double-Bit Axe
16:25 Horse Collar
16:40 Stone Mining
17:30 Bow Saw
18:06 Heavy Plow
20:28 Wheelbarrow
21:39 Loom
23:12 Gold Mining
24:10 Bloodlines
25:31 Hand Cart
31:12 Imperial Age
29:57 Scale Barding Armor
30:03 Forging
31:46 Husbandry
32:10 Chain Barding Armor
33:07 Chemistry
32:26 Grand Trunk Road
32:33 Heavy Camel Rider
34:11 Siege Engineers
36:14 Plate Barding Armor
36:16 Iron Casting
FALCON
9:59 Feudal Age
14:04 Castle Age
14:59 Double-Bit Axe
22:21 Fletching
23:03 Stone Mining
24:39 Padded Archer Armor
32:18 Wheelbarrow
31:56 Horse Collar
32:33 Bow Saw
31:59 Elite Skirmisher
34:14 Heavy Plow
34:01 Pikeman
34:42 Squires
35:09 Scale Mail Armor
永不投降嘻嘻
10:28 Feudal Age
12:13 Loom
15:24 Castle Age
14:09 Horse Collar
14:22 Double-Bit Axe
16:32 Bow Saw
16:39 Horse Collar
22:30 Heavy Plow
27:02 Imperial Age
24:58 Fletching
25:09 Elite Skirmisher
25:46 Bodkin Arrow
27:35 Wheelbarrow
29:04 Pikeman
29:46 Scale Mail Armor
29:56 Forging
31:24 Chain Mail Armor
31:41 Ballistics
32:50 Chemistry
32:54 Padded Archer Armor
33:42 Bracer
34:16 Halberdier
36:28 Two-Man Saw
35:15 Town Watch
Connection lost

Rejoining the realm…

Still unreachable

The connection could not be restored.

Session expired

The server has moved on; the page needs a fresh start.